 Dungeon Crawl Stone Soup version 0.31.0-32-g396128a36d (webtiles) character file.

Game seed: 12976875957410516400

2 Tiocfaidh the Digger (level 1, 0/10 HPs)
             Began as a Deep Elf Earth Elementalist on Apr 21, 2024.
             Slain by a kobold
             ... wielding a +0 club
              (2 damage)
             ... on level 1 of the Dungeon.
             The game lasted 00:00:39 (46 turns).

Tiocfaidh the Digger (Deep Elf Earth Elementalist)    Turns: 46, Time: 00:00:40

Health: 0/10       AC:  2    Str:  5    XL:     1   Next: 33%
Magic:  1/6        EV: 12    Int: 19    God:
Gold:   0          SH:  0    Dex: 15    Spells: 5/6 levels left

rFire   . . .        (no weapon)
rCold   . . .        (no shield)
rNeg    . . .        a - +0 robe
rPois   .            (no helmet)
rElec   .            (no cloak)
rCorr   .            (no gloves)
SInv    .            (no boots)
Will    .....        (no amulet)
Stlth   ++           (no ring)
HPRegen 0.21/turn    (no ring)
MPRegen 0.10/turn

%: no passive effects
@: no status effects
A: no striking features
a: no special abilities


You were on level 1 of the Dungeon.
You visited 1 branch of the dungeon, and saw 1 of its levels.

Inventory:

Armour
 a - a +0 robe (worn)
Potions
 b - a potion of magic


   Skills:
 + Level 2.4 Dodging
 + Level 2.4 Stealth
 + Level 3.0 Spellcasting
 + Level 1.1 Conjurations
 + Level 3.5 Earth Magic


You had 5 spell levels left.
You knew the following spells:

 Your Spells              Type           Power      Damage    Failure   Level
a - Sandblast             Erth           32%        2d9       3%          1

Your spell library contained the following spells:

 Spells                   Type           Power      Damage    Failure   Level
 Passwall                 Erth           16%        N/A       11%         3
 Stone Arrow              Conj/Erth      22%        3d8       19%         3
 Brom's Barrelling Bould  Conj/Erth      11%        2d3       52%         4
 Petrify                  Alch/Erth      9%         N/A       58%         4


Dungeon Overview and Level Annotations

Branches:
Dungeon (1/15)

Altars:


Message History

There are monsters nearby!
Unknown command.
There are monsters nearby!
There are monsters nearby!
You miscast Sandblast.
You are very lightly contaminated with residual magic.
Nothing appears to happen.
The kobold barely misses you.
The blast of sand hits the kobold!
You kill the kobold!
The kobold throws a stone.
The stone closely misses you.
The frilled lizard bites you but does no damage.
The blast of sand misses the frilled lizard.
The kobold throws a stone.
The stone closely misses you. The frilled lizard barely misses you.
The frilled lizard bites you but does no damage.
The blast of sand hits the frilled lizard!
You kill the frilled lizard!
Things that are here:
a +0 whip; 4 stones The blast of sand misses the kobold.
The kobold hits you but does no damage. The kobold barely misses you.
Your magical contamination has completely faded away.
You are out of magic!
You hit the kobold but do no damage. The kobold hits you but does no damage.
You hit the kobold.
The kobold is heavily wounded.
The kobold hits you with a +0 club.
You hit the kobold but do no damage.
The kobold is heavily wounded.
The kobold hits you with a +0 club.
* * * LOW HITPOINT WARNING * * *
You hit the kobold but do no damage.
The kobold is heavily wounded.
The kobold closely misses you.
A kobold comes into view. It is wielding a +0 short sword.
You are too injured to fight recklessly!
You hit the kobold. Your punch misses the kobold.
The kobold is severely wounded.
The kobold hits you with a +0 club.
You die...

#...##.......~~≈≈≈♣≈~~#
#... ####.....~♣♣♣♣♣~.#
.#...####..###### #.#
..............# .#
..............#
K.............#
..............#
...>..........#
#.....K@...)..###
#.................
#.................
##........###.....
#........# ....$
#........# .....
#........# ####
#........# #.......)#


You could see 2 kobolds.

Vanquished Creatures
  A goblin (D:1)
  A frilled lizard (D:1)
  A kobold (D:1)
3 creatures vanquished.

Notes
Turn   | Place    | Note
-------+----------+-------------------------------------------
     0 | D:1      | Tiocfaidh the Deep Elf Earth Elementalist began the quest
                  | for the Orb.
     0 | D:1      | Reached XP level 1. HP: 10/10 MP: 6/6
    46 | D:1      | Slain by a kobold

Illustrated notes

Levels and vault maps discovered:
D:1:      reono_arrival_forest_river, layout_basic

Action                     || total
---------------------------++-------
  Melee: Unarmed           ||     5
   Cast: Sandblast         ||     7
 Armour: Robe              ||     9
  Dodge: Dodged            ||    10
